AoeStats
← Chiripa605

Fortress

507997070Analyzed
4v4 RM · 12d ago on Sep 20, 2026· 34m 13s· 8 players
Game mode
Random Map
Map size
Huge
Population
200
Speed
Normal
Resources
Standard
Victory
Conquest
Starting age
Dark Age
Ending age
Imperial Age
RankedLock teamsTeams togetherTeam positionsShared explorationLock speedFull tech treeHidden civsTurbo modeCheats
Victory
Defeat
🇨🇳 Sicilians · China
1399
+15
1356
+17
🇫🇮 Vietnamese · Finland
1322
+18
🇫🇮 Vikings · Finland
1310
+19
🇷🇺 Italians · Russia
1463
-21
🇺🇸 Khitans · United States
1383
-18
🇺🇸 Spanish · United States
1375
-17
🇷🇺 Slavs · Russia
1269
-13
License to Boom
8:17 Feudal Age
9:45 Loom
9:59 Loom
12:33 Castle Age
10:46 Double-Bit Axe
10:49 Horse Collar
19:07 Scale Barding Armor
21:29 Wheelbarrow
21:24 Forging
21:54 Chain Barding Armor
23:47 Iron Casting
24:55 Husbandry
25:28 Bloodlines
27:09 Fletching
31:42 Imperial Age
Dis
7:40 Feudal Age
11:16 Castle Age
9:25 Double-Bit Axe
9:58 Horse Collar
12:13 Bow Saw
14:58 Loom
22:41 Fletching
23:48 Ballistics
24:27 Bodkin Arrow
29:01 Imperial Age
26:55 Heavy Plow
27:54 Padded Archer Armor
28:44 Wheelbarrow
31:14 Chemistry
31:15 Hand Cart
31:03 Bracer
31:34 Elite Genoese Crossbowman
33:57 Leather Archer Armor
Fantom7
8:25 Feudal Age
12:37 Castle Age
10:39 Horse Collar
11:34 Double-Bit Axe
13:53 Bow Saw
13:45 Heavy Plow
18:13 Wheelbarrow
25:05 Imperial Age
23:08 Stone Mining
24:42 Forging
24:37 Scale Barding Armor
25:55 Bloodlines
25:46 Husbandry
26:30 Iron Casting
27:28 Chain Barding Armor
27:59 Elite Boyar
32:07 Blast Furnace
31:43 Plate Barding Armor
Chiripa605
7:44 Feudal Age
11:37 Castle Age
9:54 Double-Bit Axe
10:02 Gold Mining
10:02 Domestication
12:35 Bow Saw
12:36 Pastoralism
14:45 Scale Mail Armor
14:33 Loom
14:54 Arson
16:40 Squires
18:47 Chain Mail Armor
19:31 Forging
20:45 Wheelbarrow
21:30 Fletching
22:54 Hand Cart
23:55 Stone Mining
24:03 Town Watch
26:55 Stone Shaft Mining
30:37 Imperial Age
30:22 Iron Casting
cro55b0w
7:36 Feudal Age
12:04 Castle Age
10:40 Double-Bit Axe
10:49 Gold Mining
13:20 Bow Saw
15:04 Loom
25:37 Pikeman
26:18 Squires
26:20 Horse Collar
33:41 Imperial Age
32:14 Scale Mail Armor
32:03 Town Watch
33:48 Capped Ram
35:00 Conscription
34:01 Elite Berserk
35:04 Conscription
Yasuo, the Unforgiven
7:02 Feudal Age
7:27 Double-Bit Axe
7:23 Horse Collar
12:09 Castle Age
10:44 Gold Mining
12:50 Fletching
13:50 Bow Saw
16:16 Loom
17:30 Ballistics
17:25 Bodkin Arrow
18:52 Padded Archer Armor
21:29 Leather Archer Armor
21:31 Heavy Plow
22:40 Wheelbarrow
23:08 Stone Mining
25:01 Thumb Ring
28:55 Imperial Age
27:34 Treadmill Crane
28:17 Hand Cart
29:38 Bracer
30:04 Scale Barding Armor
31:31 Chain Barding Armor
31:05 Elite Battle Elephant
31:47 Husbandry
33:08 Forging
34:25 Iron Casting
34:14 Paper Money
33:57 Chatras
35:08 Plate Barding Armor
只爆叉叉
7:57 Feudal Age
8:57 Double-Bit Axe
11:53 Castle Age
14:19 Bow Saw
14:09 Horse Collar
19:48 Gold Mining
19:48 Loom
20:55 Wheelbarrow
22:34 Hand Cart
23:01 Gold Shaft Mining
23:58 First Crusade
26:49 Imperial Age
24:25 Scale Mail Armor
24:30 Squires
24:16 Arson
25:11 Pikeman
26:11 Chain Mail Armor
26:07 Forging
27:02 Capped Ram
27:06 Elite Serjeant
28:11 Conscription
28:24 Plate Mail Armor
28:33 Iron Casting
28:04 Siege Ram
30:10 Chemistry
28:46 Halberdier
31:36 Blast Furnace
31:01 Ballistics
30:33 Fletching
33:18 Bodkin Arrow
Ejatch Lemayahu Gewodros
1:53 Loom
8:57 Feudal Age
10:26 Padded Archer Armor
12:40 Castle Age
11:31 Double-Bit Axe
11:27 Horse Collar
12:47 Bloodlines
14:16 Husbandry
33:15 Imperial Age
Connection lost

Rejoining the realm…

Still unreachable

The connection could not be restored.

Session expired

The server has moved on; the page needs a fresh start.